TOP OF THE 1ST |
Albuquerque Isotopes batting - Pitching for Las Vegas Stars : RHP Carlos Morán
|
Pitching: RHP Carlos Morán
|
|
Batting: RHB Gonzalo Gil
|
0-0: Ground out 1-3 (Groundball, 15)
|
Batting: SHB Clint Woods
|
0-0: Called Strike 0-1: Swinging Strike 0-2: Foul Ball, location: 2F 0-2: Fly out, F8 (Flyball, 8LS)
|
Batting: RHB Nick Harris
|
0-0: Called Strike 0-1: Ball 1-1: Ball 2-1: Ball 3-1: Base on Balls
|
Batting: RHB Will Lott
|
0-0: Ball Nick Harris steals 2nd base 1-0: Ball 2-0: Called Strike 2-1: Ball 3-1: Called Strike 3-2: Base on Balls
|
Batting: LHB Bernardo Montés
|
0-0: Ball 1-0: Swinging Strike 1-1: Foul Ball, location: 2F 1-2: Strikes out looking
|
Top of the 1st over - 0 run(s), 0 hit(s), 0 error(s), 2 left on base; Albuquerque 0 - Las Vegas 0 |
BOTTOM OF THE 1ST |
Las Vegas Stars batting - Pitching for Albuquerque Isotopes : RHP Ron Crawford
|
Pitching: RHP Ron Crawford
|
|
Batting: RHB Luis Flores
|
0-0: Called Strike 0-1: Hit by Pitch
|
Pinch Runner at 1st José Pinto:
|
|
Batting: RHB Pedro Mata
|
0-0: Called Strike 0-1: DOUBLE (Line Drive, 9) José Pinto to third
|
Batting: LHB Paco Rivera
|
0-0: Ball 1-0: Ball 2-0: Ball 3-0: Foul Ball, location: 2F 3-1: Foul Ball, location: 2F 3-2: Strikes out looking
|
Batting: SHB Chris Bennis
|
0-0: Ball 1-0: Foul Ball, location: 2F 1-1: Foul Ball, location: 2F 1-2: Ball 2-2: Fly out, F8 (Flyball, 8LM) Runner from 3rd tags up, SCORES, no throw
|
Batting: LHB Bryan Foster
|
0-0: Ball 1-0: Foul Ball, location: 2F 1-1: Fly out, F9 (Flyball, 9D)
|
Bottom of the 1st over - 1 run(s), 1 hit(s), 0 error(s), 1 left on base; Albuquerque 0 - Las Vegas 1 |
TOP OF THE 2ND |
Albuquerque Isotopes batting - Pitching for Las Vegas Stars : RHP Carlos Morán
|
Now at 2B: José Pinto
|
|
Batting: LHB Fernando Ortíz
|
0-0: Ball 1-0: SINGLE (Groundball, 34D)
|
Batting: LHB José González
|
0-0: Called Strike Fernando Ortíz is caught stealing 2nd base 0-1: Foul Ball, location: 2F 0-2: Fly out, F8 (Flyball, 8LD)
|
Batting: RHB Sam Wallace
|
0-0: Called Strike 0-1: Called Strike 0-2: Ball 1-2: Ball 2-2: Ball 3-2: Ground out 5-3 (Groundball, 56)
|
Top of the 2nd over - 0 run(s), 1 hit(s), 0 error(s), 0 left on base; Albuquerque 0 - Las Vegas 1 |
BOTTOM OF THE 2ND |
Las Vegas Stars batting - Pitching for Albuquerque Isotopes : RHP Ron Crawford
|
Batting: RHB Bobby Miller
|
0-0: Ball 1-0: Ball 2-0: Ball 3-0: Base on Balls
|
Batting: SHB Richard Griffin
|
0-0: Ball 1-0: Swinging Strike 1-1: Ball Bobby Miller is caught stealing 2nd base 2-1: Called Strike 2-2: Ball 3-2: Ground out 1-3 (Groundball, 13S)
|
Batting: RHB Luis Bustamante
|
0-0: Called Strike 0-1: Ground out 5-3 (Groundball, 5L)
|
Bottom of the 2nd over - 0 run(s), 0 hit(s), 0 error(s), 0 left on base; Albuquerque 0 - Las Vegas 1 |
TOP OF THE 3RD |
Albuquerque Isotopes batting - Pitching for Las Vegas Stars : RHP Carlos Morán
|
Batting: RHB Dave Mullen
|
0-0: Ball 1-0: Ball 2-0: Called Strike 2-1: Foul Ball, location: 2F 2-2: Strikes out swinging
|
Batting: RHB Gonzalo Gil
|
0-0: Foul Ball, location: 2F 0-1: Foul Ball, location: 2F 0-2: Ball 1-2: Foul Ball, location: 2F 1-2: Foul Ball, location: 2F 1-2: Ball 2-2: Ground out 5-3 (Groundball, 56S)
|
Batting: SHB Clint Woods
|
0-0: Foul Ball, location: 2F 0-1: Called Strike 0-2: Strikes out swinging
|
Top of the 3rd over - 0 run(s), 0 hit(s), 0 error(s), 0 left on base; Albuquerque 0 - Las Vegas 1 |
BOTTOM OF THE 3RD |
Las Vegas Stars batting - Pitching for Albuquerque Isotopes : RHP Ron Crawford
|
Batting: LHB Terry White
|
0-0: Swinging Strike 0-1: Ball 1-1: Called Strike 1-2: Foul Ball, location: 2F 1-2: Strikes out swinging
|
Batting: RHB José Pinto
|
0-0: Called Strike 0-1: Called Strike 0-2: Ball 1-2: SINGLE (Line Drive, 4M)
|
Batting: RHB Pedro Mata
|
0-0: Ball 1-0: Foul Ball, location: 2F 1-1: Grounds into double play, 5-4-3 (Groundball, 56)
|
Bottom of the 3rd over - 0 run(s), 1 hit(s), 0 error(s), 0 left on base; Albuquerque 0 - Las Vegas 1 |
TOP OF THE 4TH |
Albuquerque Isotopes batting - Pitching for Las Vegas Stars : RHP Carlos Morán
|
Batting: RHB Nick Harris
|
0-0: Called Strike 0-1: Ball 1-1: Foul Ball, location: 2F 1-2: Ball 2-2: Reached on error, E5 (Groundball, 56S)
|
Batting: RHB Will Lott
|
0-0: Ball 1-0: Ball 2-0: Fly out, F9 (Flyball, 9LS)
|
Batting: LHB Bernardo Montés
|
0-0: Foul Ball, location: 2F 0-1: Ball 1-1: Ball 2-1: Ball 3-1: Foul Ball, location: 2F 3-2: Strikes out swinging Nick Harris steals 2nd base Batter strikes out.
|
Batting: LHB Fernando Ortíz
|
0-0: Ball 1-0: Fly out, F4 (Popup, 4D)
|
Top of the 4th over - 0 run(s), 0 hit(s), 1 error(s), 1 left on base; Albuquerque 0 - Las Vegas 1 |
BOTTOM OF THE 4TH |
Las Vegas Stars batting - Pitching for Albuquerque Isotopes : RHP Ron Crawford
|
Batting: LHB Paco Rivera
|
0-0: Called Strike 0-1: Ball 1-1: Ball 2-1: Ground out 4-3 (Groundball, 4)
|
Batting: SHB Chris Bennis
|
0-0: Called Strike 0-1: Ball 1-1: Swinging Strike 1-2: Ball 2-2: Foul Ball, location: 2F 2-2: DOUBLE (Flyball, 8LXD)
|
Batting: LHB Bryan Foster
|
0-0: Ball 1-0: Foul Ball, location: 2F 1-1: Ball 2-1: Swinging Strike 2-2: Ground out 4-3 (Groundball, 4) Chris Bennis to third
|
Batting: RHB Bobby Miller
|
0-0: Ball 1-0: Ball 2-0: Ball 3-0: Base on Balls
|
Batting: SHB Richard Griffin
|
0-0: Called Strike 0-1: Ball 1-1: Ball 2-1: Called Strike 2-2: Fly out, F8 (Flyball, 78M)
|
Bottom of the 4th over - 0 run(s), 1 hit(s), 0 error(s), 2 left on base; Albuquerque 0 - Las Vegas 1 |
TOP OF THE 5TH |
Albuquerque Isotopes batting - Pitching for Las Vegas Stars : RHP Carlos Morán
|
Batting: LHB José González
|
0-0: Ball 1-0: Swinging Strike 1-1: SINGLE (Line Drive, 8RS)
|
Batting: RHB Sam Wallace
|
0-0: Ball 1-0: Called Strike 1-1: Called Strike 1-2: Strikes out swinging
|
Batting: RHB Dave Mullen
|
0-0: Ball 1-0: Foul Ball, location: 2F 1-1: Fly out, F8 (Flyball, 8RD)
|
Batting: RHB Gonzalo Gil
|
0-0: Called Strike 0-1: Ball 1-1: Swinging Strike 1-2: Fly out, F8 (Flyball, 8LD)
|
Top of the 5th over - 0 run(s), 1 hit(s), 0 error(s), 1 left on base; Albuquerque 0 - Las Vegas 1 |
BOTTOM OF THE 5TH |
Las Vegas Stars batting - Pitching for Albuquerque Isotopes : RHP Ron Crawford
|
Batting: RHB Luis Bustamante
|
0-0: Swinging Strike 0-1: Swinging Strike 0-2: SINGLE (Groundball, 34D)
|
Batting: LHB Terry White
|
0-0: Ball 1-0: SINGLE (Groundball, 4D) Luis Bustamante to second
|
Batting: RHB José Pinto
|
0-0: Called Strike 0-1: Foul Ball, location: 2F 0-2: Ball 1-2: Ground out 4-3 (Groundball, 4MS) Luis Bustamante to third Terry White to second
|
Batting: RHB Pedro Mata
|
0-0: Ball 1-0: Ball 2-0: Called Strike 2-1: Foul Ball, location: 2F 2-2: Strikes out swinging
|
Batting: LHB Paco Rivera
|
0-0: Called Strike 0-1: Foul Ball, location: 2F 0-2: Ball 1-2: Foul Ball, location: 2F 1-2: Strikes out swinging
|
Bottom of the 5th over - 0 run(s), 2 hit(s), 0 error(s), 2 left on base; Albuquerque 0 - Las Vegas 1 |
TOP OF THE 6TH |
Albuquerque Isotopes batting - Pitching for Las Vegas Stars : RHP Carlos Morán
|
Batting: SHB Clint Woods
|
0-0: Fly out, F9 (Flyball, 9LM)
|
Batting: RHB Nick Harris
|
0-0: Ball 1-0: Fly out, F5 (Line Drive, 56)
|
Batting: RHB Will Lott
|
0-0: Foul Ball, location: 2F 0-1: Ball 1-1: Fly out, F7 (Flyball, 7LMF)
|
Top of the 6th over - 0 run(s), 0 hit(s), 0 error(s), 0 left on base; Albuquerque 0 - Las Vegas 1 |
BOTTOM OF THE 6TH |
Las Vegas Stars batting - Pitching for Albuquerque Isotopes : RHP Ron Crawford
|
Batting: SHB Chris Bennis
|
0-0: Called Strike 0-1: SINGLE (Groundball, 5D)
|
Batting: LHB Bryan Foster
|
0-0: Foul Ball, location: 2F 0-1: Called Strike 0-2: SINGLE (Line Drive, 34D) Chris Bennis to second
|
Batting: RHB Bobby Miller
|
0-0: Called Strike 0-1: Swinging Strike 0-2: Ball 1-2: Foul Ball, location: 2F 1-2: Ball 2-2: Ball 3-2: Strikes out swinging
|
Batting: SHB Richard Griffin
|
0-0: Grounds into double play, 6-4-3 (Groundball, 6M)
|
Bottom of the 6th over - 0 run(s), 2 hit(s), 0 error(s), 1 left on base; Albuquerque 0 - Las Vegas 1 |
TOP OF THE 7TH |
Albuquerque Isotopes batting - Pitching for Las Vegas Stars : RHP Carlos Morán
|
Batting: LHB Bernardo Montés
|
0-0: Called Strike 0-1: Fly out, F5 (Popup, 5L)
|
Batting: LHB Fernando Ortíz
|
0-0: Foul Ball, location: 2F 0-1: Called Strike 0-2: Foul Ball, location: 2F 0-2: Ball 1-2: Strikes out swinging
|
Batting: LHB José González
|
0-0: SINGLE (Groundball, 4MD)
|
Pinch Hitting: LHB Juan Carlos Sánchez
|
0-0: Swinging Strike 0-1: Ball 1-1: Called Strike 1-2: Ball 2-2: Ball 3-2: Strikes out swinging
|
Top of the 7th over - 0 run(s), 1 hit(s), 0 error(s), 1 left on base; Albuquerque 0 - Las Vegas 1 |
BOTTOM OF THE 7TH |
Las Vegas Stars batting - Pitching for Albuquerque Isotopes : RHP Ron Crawford
|
Now at SS: Luis Martínez
|
|
Batting: RHB Luis Bustamante
|
0-0: Called Strike 0-1: Ball 1-1: Ball 2-1: Foul Ball, location: 2F 2-2: Foul Ball, location: 2F 2-2: SINGLE (Flyball, 7LS)
|
Pitching: RHP Xavier Castañera
|
|
Batting: LHB Terry White
|
0-0: Foul Ball, location: 2F 0-1: Sac Bunt - play at first, batter OUT! 2-3 Luis Bustamante to second
|
Batting: RHB José Pinto
|
0-0: Called Strike 0-1: Called Strike 0-2: Strikes out swinging
|
Pinch Hitting: LHB Ethan Marshall
|
0-0: Ball 1-0: Foul Ball, location: 2F 1-1: Ball 2-1: Foul Ball, location: 2F 2-2: Ball 3-2: Foul Ball, location: 2F 3-2: Foul Ball, location: 2F 3-2: Ground out 6-3 (Groundball, 56)
|
Bottom of the 7th over - 0 run(s), 1 hit(s), 0 error(s), 1 left on base; Albuquerque 0 - Las Vegas 1 |
TOP OF THE 8TH |
Albuquerque Isotopes batting - Pitching for Las Vegas Stars : RHP Carlos Morán
|
Now in LF: Zack Flint
|
|
Batting: RHB Dave Mullen
|
0-0: Called Strike 0-1: Foul Ball, location: 2F 0-2: Strikes out looking
|
Batting: RHB Gonzalo Gil
|
0-0: Ball 1-0: Called Strike 1-1: Fly out, F8 (Flyball, 78M)
|
Batting: SHB Clint Woods
|
0-0: Ball 1-0: Foul Ball, location: 2F 1-1: Foul Ball, location: 2F 1-2: Ground out 3-1 (Groundball, 34S)
|
Top of the 8th over - 0 run(s), 0 hit(s), 0 error(s), 0 left on base; Albuquerque 0 - Las Vegas 1 |
BOTTOM OF THE 8TH |
Las Vegas Stars batting - Pitching for Albuquerque Isotopes : RHP Xavier Castañera
|
Batting: LHB Paco Rivera
|
0-0: Ball 1-0: Ball 2-0: Fly out, F6 (Line Drive, 6)
|
Batting: SHB Chris Bennis
|
0-0: Foul Ball, location: 2F 0-1: Ball 1-1: Called Strike 1-2: Ball 2-2: Fly out, F7 (Flyball, 7LS)
|
Batting: LHB Bryan Foster
|
0-0: Ground out U3 (Groundball, 34)
|
Bottom of the 8th over - 0 run(s), 0 hit(s), 0 error(s), 0 left on base; Albuquerque 0 - Las Vegas 1 |
TOP OF THE 9TH |
Albuquerque Isotopes batting - Pitching for Las Vegas Stars : RHP Carlos Morán
|
Pitching: RHP Jorge Oliva
|
|
Batting: RHB Nick Harris
|
0-0: Ball 1-0: Ball 2-0: Called Strike 2-1: Ball 3-1: Foul Ball, location: 2F 3-2: Base on Balls
|
Batting: RHB Will Lott
|
0-0: Ball 1-0: Called Strike 1-1: Ball 2-1: Ball 3-1: Swinging Strike 3-2: Base on Balls Nick Harris to second
|
Batting: LHB Bernardo Montés
|
0-0: Ball 1-0: Ball 2-0: Ball 3-0: Called Strike 3-1: Called Strike 3-2: Base on Balls Nick Harris to third Will Lott to second
|
Batting: LHB Fernando Ortíz
|
0-0: Foul Ball, location: 2F 0-1: Foul Ball, location: 2F 0-2: Fly out, F8 (Flyball, 89XD) Runner from 3rd tags up, SCORES, no throw
|
Pinch Runner at 2nd Pedro Cruz:
|
|
Batting: LHB José González
|
0-0: Foul Ball, location: 2F 0-1: Ball 1-1: Called Strike 1-2: Ball 2-2: Strikes out looking
|
Pinch Hitting: RHB Juan Vareas
|
0-0: Foul Ball, location: 2F 0-1: Swinging Strike 0-2: Foul Ball, location: 2F 0-2: Strikes out looking
|
Top of the 9th over - 1 run(s), 0 hit(s), 0 error(s), 2 left on base; Albuquerque 1 - Las Vegas 1 |
BOTTOM OF THE 9TH |
Las Vegas Stars batting - Pitching for Albuquerque Isotopes : RHP Xavier Castañera
|
Now at 1B: Jesse McKnight
|
|
Now at 2B: Pedro Cruz
|
|
Batting: RHB Bobby Miller
|
0-0: Ball 1-0: Called Strike 1-1: SINGLE (Line Drive, 56)
|
Batting: SHB Richard Griffin
|
0-0: Ball 1-0: Ball 2-0: Called Strike 2-1: Called Strike Bobby Miller is caught stealing 2nd base 2-2: Ball 3-2: Base on Balls
|
Batting: RHB Luis Bustamante
|
0-0: Ball 1-0: Called Strike 1-1: Ball 2-1: Swinging Strike 2-2: Strikes out looking
|
Batting: LHB Terry White
|
0-0: Ball 1-0: Ball 2-0: Ball 3-0: Called Strike 3-1: Ground out U3 (Groundball, 3L)
|
Bottom of the 9th over - 0 run(s), 1 hit(s), 0 error(s), 1 left on base; Albuquerque 1 - Las Vegas 1 |
TOP OF THE 10TH |
Albuquerque Isotopes batting - Pitching for Las Vegas Stars : RHP Jorge Oliva
|
Pinch Hitting: LHB Héctor Soto
|
0-0: DOUBLE (Flyball, 8LXD)
|
Batting: RHB Gonzalo Gil
|
0-0: Ball 1-0: Called Strike 1-1: Foul Ball, location: 2F 1-2: Strikes out swinging
|
Batting: SHB Clint Woods
|
0-0: Called Strike 0-1: Ball 1-1: Ball 2-1: Foul Ball, location: 2F 2-2: Strikes out looking
|
Batting: RHB Nick Harris
|
0-0: Ball 1-0: Ball Wild Pitch! Héctor Soto to third 2-0: Called Strike 2-1: Called Strike 2-2: Ball 3-2: Ground out 5-3 (Groundball, 56D)
|
Top of the 10th over - 0 run(s), 1 hit(s), 0 error(s), 1 left on base; Albuquerque 1 - Las Vegas 1 |
BOTTOM OF THE 10TH |
Las Vegas Stars batting - Pitching for Albuquerque Isotopes : RHP Xavier Castañera
|
Now at 2B: Dave McGrath
|
|
Batting: RHB José Pinto
|
0-0: Ball 1-0: SINGLE (Line Drive, 89S)
|
Pinch Hitting: LHB Nathan Frey
|
0-0: Ball 1-0: Ball 2-0: Swinging Strike Balk! José Pinto to second 2-1: Swinging Strike 2-2: Ball 3-2: Strikes out swinging
|
Batting: LHB Paco Rivera
|
0-0: Ball José Pinto steals 3rd base 1-0: Intentional Walk
|
Batting: SHB Chris Bennis
|
0-0: Called Strike 0-1: Fielders Choice at home, 6-2 (Groundball, 6) Paco Rivera to second
|
Pinch Runner at 2nd William Wolf:
|
|
Batting: LHB Bryan Foster
|
0-0: Called Strike 0-1: Ball 1-1: Foul Ball, location: 2F 1-2: Ball 2-2: 3-RUN HOME RUN (Flyball, 9LD), Distance : 402 ft
|
Tuesday, August 8th, 2017 - OOTP Baseball 17.12 Build 75
|
|